Bacon, chaotic female vampiric Rogue ---- -..| ..-- -- -...| -- |.--...-- --..........| |.....(T@<..-- --....h%.%...| --.h....G...| |..G.......-- -........... .......--....- ......... --.... ........... .*... .....>........ ---..| |...|.......|.- --- -.-----....--- --..- --* -- Bacon the Rogue Experience level: 9 Strength: 14 Dexterity: 20 Constitution: 13 Intelligence: 12 Wisdom: 11 Charisma: 7 Health: 0(66) Energy: 67(67) AC: 2 Gold: 485 Moves: 4136 Your Inventory: Coins $ - 485 gold pieces Weapons a - an uncursed very rusty +1 short sword (weapon in hand) b - 14 uncursed +0 daggers (in quiver) s - a [cursed -1] knife y - an [uncursed +0] knife [of fire] A - an [uncursed +0] runed dagger [elven] D - a [cursed -1] runed dagger [elven] Armor o - an [uncursed] +0 hooded cloak [dwarvish] (being worn) u - a blessed +3 elven mithril-coat (being worn) z - an [uncursed +2] leather hat [elven leather helm] Spellbooks R - an [uncursed] spellbook of force bolt Rings h - an uncursed [+1] wire ring [of gain constitution] Q - an uncursed shiny ring [of invisibility] Tools e - an uncursed lock pick f - an uncursed sack l - an [uncursed] sack t - 6 [uncursed tallow] candles C - an uncursed blindfold Gems g - 2 [uncursed] gems called Agate/Glass [worthless glass] i - an [uncursed] gem called Diamond [diamond] p - 2 [uncursed] gems called Garnet/Jasper/Glass [worthless glass] q - an [uncursed] gem called Topaz [topaz] r - an [uncursed] violet gem [worthless glass] v - 2 [uncursed] gems called Turquoise/Fluorite/Glass [worthless glass] w - an [uncursed] gem called Agate/Glass [agate] x - an [uncursed] gem called Dilithium/Opal/Fluorite/Glass [worthless glass] B - 3 [uncursed] gems called Jet/Obsidian/Glass [worthless glass] E - an [uncursed] gem called Jade/Turquoise/Fluorite/Glass [worthless glass] F - 2 [uncursed] violet gems [fluorite] O - an [uncursed] black gem [jet] P - an [uncursed] yellowish brown gem [worthless glass] Contents of the sack: 1184 gold pieces an [uncursed] gem called Diamond [diamond] Contents of the sack: 60 gold pieces Spells known in the end: Name Level Category Fail Memory a - magic missile 2 attack 100% [||||||||] b - force bolt 1 attack 100% [||||||||] Your skills at the end: Fighting Skills Weapon Skills dagger [Skilled / Expert] short sword [Skilled / Expert] Spellcasting Skills Final Attributes: You were piously aligned. Hunger level was 418. Your alignment was 30 / 30. Monster difficulty range was 1 - 9. Level difficulty was 9. You were immune to level-drain. You were stealthy. You could fly. You could survive without air. You regenerated. Your luck was zero. You are dead. Vanquished creatures: a large mimic a small mimic 2 Grey-elves a quivering blob 2 winter wolf cubs 2 leprechauns an orc-captain an iron piercer a rust monster a dingo 2 dust vortices 7 Mordor orcs an orc shaman a rock piercer a shrieker 6 gnome lords 3 gnomish wizards 2 wax golems a giant ant 2 floating eyes 10 dwarves a kobold lord 7 hill orcs 3 giant bats a monkey 2 hobbits a large kobold a giant rat a yellow mold 39 gnomes 5 garter snakes a gnome zombie 3 geckos 4 jackals a goblin 5 grid bugs a lichen 3 kobold zombies 4 newts 132 creatures vanquished. Voluntary challenges: You used a wielded weapon 164 times. You read items or engraved 8 times. You put on armor 4 times. You never genocided any monsters. You never polymorphed an object. You never changed form. You used no wishes. You never wrote Elbereth's name. You never encountered a bones level. You never used any Sokoban shortcuts. Dungeon overview: The Dungeons of Doom: levels 1 to 4 Level 1 an altar a long staircase Level 4 an altar, a fountain stairs to The Gnomish Mines The Gnomish Mines: levels 5 to 9 Level 5 stairs to The Dungeons of Doom Level 7 some shops, a temple, a magic chest, some fountains Level 9 <- You were here History has recorded: On T:1 you entered the Dungeons of Doom to retrieve the Amulet of Yendor! On T:341 you advanced to experience level 2. On T:375 you reached level 2 of The Dungeons of Doom. On T:588 you advanced to experience level 3. On T:682 you reached level 3 of The Dungeons of Doom. On T:774 you advanced to experience level 4. On T:1159 you reached level 4 of The Dungeons of Doom. On T:1360 you advanced to experience level 5. On T:1610 you reached level 1 of The Gnomish Mines. On T:1648 you advanced to experience level 6. On T:1870 you advanced to experience level 7. On T:1948 you reached level 2 of The Gnomish Mines. On T:2307 you reached level 3 of The Gnomish Mines. On T:2645 you advanced to experience level 8. On T:2998 you reached level 4 of The Gnomish Mines. On T:3924 you advanced to experience level 9. On T:4122 you reached level 5 of The Gnomish Mines. Latest messages: [HP-1=62] You kill the gnome! [HP+1=63] You hit the troll! You bite the troll. The troll thrusts her vulgar polearm. The troll hits! (2x) The troll bites! [HP-24=39] [HP+1=40] You hit the troll! You bite the troll. The troll thrusts her vulgar polearm. The troll hits! (2x) The troll bites! [HP-27=13] You hit the troll! You bite the troll. The troll thrusts her vulgar polearm. The troll hits! The troll just misses! The troll bites! You die... Final status: Goodbye Bacon the Rogue... You died in The Gnomish Mines on dungeon level 9 with 6797 points, and 1729 pieces of gold, after 4136 moves. You were level 9 with a maximum of 66 hit points when you died.